 Dungeon Crawl Stone Soup version 0.32-a0-931-g5a2cda0630 (webtiles) character file.

Game seed: 233440158533268940

2669 Alarak the Skirmisher (level 9, -2/69 HPs)
             Began as a Coglin Hunter on Apr 14, 2024.
             Was a Believer of Cheibriados.
             Slain by a two-headed ogre
             ... wielding a +0 giant spiked club
              (13 damage)
             ... on level 8 of the Dungeon.
             The game lasted 00:18:18 (6916 turns).

Alarak the Skirmisher (Coglin Hunter)               Turns: 6916, Time: 00:18:21

Health: -2/69      AC:  5    Str: 16    XL:     9   Next: 63%
Magic:  9/9        EV: 14    Int:  7    God:    Cheibriados [**....]
Gold:   453        SH:  0    Dex: 26    Spells: 8/8 levels left

rFire   + . .        t - +8 rapier of Fusyng {spect, rPois rF+ Int-5}
rCold   . . .        w - +2 dagger (venom) {Esteban}
rNeg    . . .        k - +0 steam dragon scales
rPois   +            (no helmet)
rElec   .            (no cloak)
rCorr   .            (no gloves)
SInv    .            (no boots)
Will    .....        (amulet unavailable)
Stlth   ++           (ring unavailable)
HPRegen 0.31/turn    (ring unavailable)
MPRegen 0.11/turn    (no gizmo)

%: no passive effects
@: revved, very slow
A: off-hand wielding, slow wielding, warmup strikes, no jewellery
a: Invent Gizmo, Renounce Religion, Bend Time


You were on level 8 of the Dungeon.
You worshipped Cheibriados.
Cheibriados was pleased with you.
You visited 2 branches of the dungeon, and saw 9 of its levels.

You collected 453 gold pieces.

Inventory:

Hand Weapons
 a - a +2 sling {Nimrit}
 d - a +0 sling {Gyeongja}
 t - the +8 rapier of Fusyng (weapon) {spect, rPois rF+ Int-5}
   (You found it on level 6 of the Dungeon)

   Int-5:     It affects your intelligence (-5).
   rF+:       It protects you from fire.
   rPois:     It protects you from poison.
 w - a +2 dagger of venom (offhand) {Esteban}
Missiles
 l - 6 poisoned darts
Armour
 c - a +1 leather armour
 k - +0 steam dragon scales (worn)
 q - a +2 robe of positive energy
Wands
 p - a wand of warping (8)
 u - a wand of charming (8)
 v - a wand of quicksilver (7)
Scrolls
 b - a scroll of butterflies
 o - a scroll of teleportation
Potions
 e - a potion of cancellation
 f - 2 potions of brilliance
 g - 3 potions of attraction
 h - 2 potions of mutation
 i - 2 potions of invisibility
 j - 5 potions of curing
 m - 5 potions of enlightenment
 s - a potion of lignification


   Skills:
 + Level 5.6 Fighting
 - Level 2.9 Short Blades
 - Level 9.1 Ranged Weapons
 - Level 4.0 Armour
 - Level 4.4 Dodging
 - Level 0.7 Stealth


You had 8 spell levels left.
You didn't know any spells.
Your spell library contained the following spells:

 Spells                   Type           Power      Damage    Failure   Level
 Scorch                   Fire           0%         2d5       56%         2
 Flame Wave               Conj/Fire      0%         2d4       99%         4
 Summon Cactus Giant      Summ           0%         N/A       100%        6


Dungeon Overview and Level Annotations

Branches:
Dungeon (8/15)             Temple (1/1) D:5
   Lair: D:8-11

Altars:
Ashenzari
Cheibriados
Dithmenos
Elyvilon
Fedhas
Gozag
Kikubaaqudgha
Makhleb
Nemelex Xobeh
Okawaru
Qazlal
Ru
Sif Muna
Trog
Uskayaw
Vehumet
Wu Jian
Xom
Yredelemnul
Zin
The Shining One

Annotations:
D:4 2 transporters, JaaP's ghost, amateur DrFE


Innate Abilities, Weirdness & Mutations

You can wield a second weapon in your off-hand.
It takes a long time for you to wield or remove held weapons.
Your first few attacks do less damage.
You cannot equip rings or amulets.


Message History

The two-headed ogre closely misses you.
You hit the two-headed ogre with your +2 dagger of venom.
The two-headed ogre is poisoned.
The two-headed ogre is lightly wounded.
You hit the two-headed ogre but do no damage.
Your +8 rapier of Fusyng {spect, rPois rF+ Int-5} hits the two-headed ogre.
You hit the two-headed ogre but do no damage.
The two-headed ogre looks as sick as possible!
The two-headed ogre is lightly wounded.
You puncture the two-headed ogre with the +8 rapier of Fusyng!
Your +8 rapier of Fusyng {spect, rPois rF+ Int-5} hits the two-headed ogre.
The two-headed ogre barely misses you.
The two-headed ogre hits you with a +0 giant club!!
An acid dragon comes into view.
You hit the two-headed ogre but do no damage.
The two-headed ogre looks as sick as possible!
The two-headed ogre is moderately wounded.
You hit the two-headed ogre with the +8 rapier of Fusyng.
Your +8 rapier of Fusyng {spect, rPois rF+ Int-5} hits the two-headed ogre.
The two-headed ogre hits you with a +0 giant spiked club!
The two-headed ogre misses you. The acid dragon spits acid at you.
The splash of acid hits your +8 rapier of Fusyng {spect, rPois rF+ Int-5}!!
Your spectral weapon shares its damage with you!
* * * LOW HITPOINT WARNING * * *
You hear a shout! x2
Okay, then.
You puncture the two-headed ogre with the +8 rapier of Fusyng!
The two-headed ogre is severely wounded.
You hit the two-headed ogre but do no damage.
The two-headed ogre looks as sick as possible!
Your +8 rapier of Fusyng {spect, rPois rF+ Int-5} hits the two-headed ogre.
You closely miss the two-headed ogre with the +8 rapier of Fusyng.
The two-headed ogre is severely wounded.
You hit the two-headed ogre with your +2 dagger of venom.
The two-headed ogre looks as sick as possible!
Your +8 rapier of Fusyng {spect, rPois rF+ Int-5} hits the two-headed ogre.
The two-headed ogre hits you with a +0 giant spiked club!
You die...
Cheibriados appreciates the motionlessness of death.

#....#..# ...
#...>#..# ..
####.#.##### #D.
#.#.....# . #..
#.#.###.# ..#...
#...###.# ##....#
#.##....#
.......####.##.####
......O@..#.##.#
.)....(##......#
###...# ########
####


You could see a two-headed ogre (extremely poisoned), an acid dragon and a
friendly +8 rapier of Fusyng {spect, rPois rF+ Int-5}.

Vanquished Creatures
  A slime creature (D:6)
  Eustachio (D:5)
  2 steam dragons (D:7)
  A water moccasin (D:5)
  Duvessa (D:4)
  3 black bears
  A sky beast (D:6)
  A kobold brigand (D:4)
  2 phantoms (D:4)
  4 bullfrogs (D:6)
  A scorpion (D:7)
  Dowan (D:4)
  2 bombardier beetles
  4 hounds
  4 jellies
  3 orc priests
  5 iguanas (D:6)
  3 sleepcaps
  3 orc wizards
  Natasha (thrice) (D:2)
  6 adders
  2 shadow imps
  4 ufetubi
  2 dart slugs
  2 ribbon worms
  21 orcs
  10 ball pythons
  7 endoplasms
  5 giant cockroaches
  7 goblins
  9 hobgoblins
  3 quokkas
  7 bats
  4 frilled lizards
  8 kobolds
  7 rats
150 creatures vanquished.

Notes
Turn   | Place    | Note
-------+----------+-------------------------------------------
     0 | D:1      | Alarak the Coglin Hunter began the quest for the Orb.
     0 | D:1      | Reached XP level 1. HP: 16/16 MP: 1/1
    63 | D:1      | Reached skill level 4 in Ranged Weapons
    63 | D:1      | Reached XP level 2. HP: 22/22 MP: 2/2
   295 | D:1      | Reached XP level 3. HP: 26/27 MP: 3/3
   969 | D:2      | Noticed Natasha
   972 | D:2      | Killed Natasha
   973 | D:2      | Reached skill level 5 in Ranged Weapons
   973 | D:2      | Reached XP level 4. HP: 33/33 MP: 4/4
  1109 | D:2      | Noticed Natasha
  1114 | D:2      | Killed Natasha
  1170 | D:2      | Noticed Natasha
  1173 | D:2      | Killed Natasha
  1174 | D:2      | Reached XP level 5. HP: 28/38 MP: 5/5
  2451 | D:4      | Reached skill level 6 in Ranged Weapons
  2478 | D:4      | Noticed a phantom
  2487 | D:4      | Killed a phantom
  2488 | D:4      | Reached XP level 6. HP: 19/44 MP: 6/6
  2676 | D:4      | Reached skill level 7 in Ranged Weapons
  3072 | D:4      | Reached XP level 7. HP: 36/50 MP: 7/7
  3122 | D:4      | Found a transporter.
  3123 | D:4      | Noticed JaaP's ghost (amateur DrFE)
  3123 | D:4      | Identified the +1 great mace "Wixijios" {freeze, +Blink
                  | rElec rC- Str-2}
  3124 | D:4      | Found a transporter.
  3414 | D:4      | Noticed Duvessa
  3414 | D:4      | Noticed Dowan
  3539 | D:4      | Killed Duvessa
  3542 | D:4      | Killed Dowan
  3893 | D:5      | Entered Level 5 of the Dungeon
  3969 | D:5      | Found a blossoming altar of Fedhas.
  4041 | D:5      | Noticed Eustachio
  4066 | D:5      | Killed Eustachio
  4067 | D:5      | Reached XP level 8. HP: 56/56 MP: 8/8
  4602 | D:5      | Found a staircase to the Ecumenical Temple.
  4611 | Temple   | Entered the Ecumenical Temple
  4622 | Temple   | Became a worshipper of Cheibriados the Contemplative
  4832 | D:6      | Identified the +0 short sword "Voduf" {elec, rN+ Int+3
                  | Dex+2}
  4951 | D:6      | Identified the +8 rapier of Fusyng {spect, rPois rF+ Int-5}
  5084 | D:6      | Found a white marble altar of Elyvilon.
  5182 | D:6      | Found a bloodstained altar of Trog.
  5489 | D:6      | Reached skill level 1 in Short Blades
  5610 | D:6      | Reached * piety under Cheibriados
  5621 | D:6      | Reached skill level 8 in Ranged Weapons
  5621 | D:6      | Reached XP level 9. HP: 22/64 MP: 3/9
  6010 | D:6      | Reached skill level 9 in Ranged Weapons
  6288 | D:7      | Reached ** piety under Cheibriados
  6680 | D:7      | Found an iron altar of Okawaru.
  6693 | D:7      | Reached skill level 5 in Fighting
  6768 | D:7      | Found an ornate altar of the Wu Jian Council.
  6907 | D:8      | Noticed a two-headed ogre
  6916 | D:8      | Slain by a two-headed ogre

Illustrated notes

Levels and vault maps discovered:
D:1:      mainiacjoe_arrival_oval_in_oval, layout_basic
D:2:      layout_rooms, minmay_tetromino_s2, uniq_natasha
D:3:      layout_loops_ring, amethyst_killhole, minmay_misc_feat_doors,
          glass_columns_b, nicolae_concentric_dashed_squares_mild, st_stairs_1,
          minmay_misc_feat_more_columns
D:4:      layout_basic, gammafunk_ghost_smash, roderic_lattice_a, uniq_duvessa
D:5:      layout_basic, fedhas_altar_2, minmay_temple_entry_antechambers,
          chequers_serial_rivers_small_3, uniq_eustachio
D:6:      layout_basic, mainiacjoe_overflow_catwalk_spiral, nzn_random_ring
D:7:      layout_loops_cross, nzn_wu_jian_contemplation, okawaru_trees_1
D:8:      nicolae_hitomezashi [nicolae_hito_row, nicolae_hito_row,
          nicolae_hito_row, nicolae_hito_row, nicolae_hito_row,
          nicolae_hito_row, nicolae_hito_row, nicolae_hito_row,
          nicolae_hito_row, nicolae_hito_row, nicolae_hito_row,
          nicolae_hito_row, nicolae_hito_row, nicolae_hito_row,
          nicolae_hito_row, nicolae_hito_row, nicolae_hito_row,
          nicolae_hito_row], layout_basic, hangedman_decor_diamond_cutter,
          disabler_island
Temple:   nicolae_temple_bog_church

Skill      XL: |  1  2  3  4  5  6  7  8  9 |
---------------+----------------------------+-----
Ranged Weapons | 4 5 6 7 8 9 |  9.1
Dodging        | 4 |  4.4
Armour         | 2 4 |  4.0
Fighting       | 3 5 |  5.6
Short Blades   | 2 |  2.9
Stealth        | |  0.7

Action                     |  1- 3 |  4- 6 |  7- 9 || total
---------------------------+-------+-------+-------++-------
  Melee: Rapier            |       |       |    92 ||    92
         Dagger            |       |       |    80 ||    80
   Fire: Sling             |   144 |   232 |   230 ||   606
    Use: Scroll            |     1 |     7 |    10 ||    18
         Potion            |       |       |     1 ||     1
   Stab: Sleeping          |       |       |     1 ||     1
 Armour: Leather armour    |     7 |    24 |     6 ||    37
         Robe              |       |       |    36 ||    36
         Steam dragon scal |       |       |    12 ||    12
  Dodge: Dodged            |     7 |    19 |    71 ||    97

Table legend: (Time is in decaauts)
 A = Elapsed time spent in this place.
 B = Non-inter-level travel time spent in this place.
 C = Inter-level travel time spent in this place.
 D = Time resting spent in this place.
 E = Time spent auto-exploring this place.
 F = Levels seen in this place.
 G = Mean time per level.
                   A        B        C        D        E       F      G
               +--------+--------+--------+--------+--------+-----+--------+
         Total |   7533 |   6853 |    680 |    937 |   4957 |   9 |  837.0 |
       Dungeon |   7507 |   6851 |    656 |    937 |   4957 |   8 |  938.4 |
        Temple |     25 |      2 |     23 |      0 |      0 |   1 |   25.0 |
               +--------+--------+--------+--------+--------+-----+--------+

Top non-repeatable levels by time:
     D:4: 1611 daAuts
     D:6: 1428 daAuts
     D:5: 965 daAuts
     D:7: 956 daAuts
     D:2: 932 daAuts
     D:3: 918 daAuts
     D:1: 609 daAuts
     D:8: 86 daAuts
  Temple: 25 daAuts
